 Dungeon Crawl Stone Soup version 0.29-a0-821-g66395355a5 (webtiles) character file.

Game seed: 10527005115805400379

134 jimonade the Conjurer (level 4, -2/36 HPs)
             Began as a Draconian Conjurer on July 7, 2022.
             Slain by a kobold brigand
             ... wielding a +0 dagger
              (4 damage)
             ... in a sewer.
             The game lasted 00:07:50 (2144 turns).

jimonade the Conjurer (Draconian Conjurer)          Turns: 2144, Time: 00:07:51

Health: -2/36      AC:  5    Str: 12    XL:     4   Next: 95%
Magic:  0/8        EV: 12    Int: 18    God:
Gold:   93         SH:  0    Dex:  9    Spells: 5/9 levels left

rFire   . . .      SeeInvis .   k - +1 quarterstaff (spect)
rCold   . . .      Faith    .   (shield currently unavailable)
rNeg    . . .      Spirit   .   (body armour unavailable)
rPois   .          Reflect  .   (helmet restricted)
rElec   .          Harm     .   (no cloak)
rCorr   .          Rampage  .   (no gloves)
Will    .....                   (no boots)
Stlth   +.........              (no amulet)
HPRegen 0.12/turn               (no ring)
MPRegen 0.11/turn               (no ring)

@: very slow
A: AC +5, unfitting armour, cold-blooded
a: no special abilities


You were in a sewer.
You visited 1 branch of the dungeon, and saw 3 of its levels.
You also visited: Sewer.

You collected 93 gold pieces.

Inventory:

Hand Weapons
 c - a +0 short sword
 k - a +1 spectral quarterstaff (weapon)
 n - a +0 short sword of speed
Missiles
 d - 22 stones
Magical Staves
 j - a staff of conjuration
Scrolls
 e - 4 scrolls of teleportation {unknown}
 i - a scroll of noise {unknown}
 l - a scroll of fear {unknown}
 m - a scroll of identify {unknown}
Potions
 a - a potion of magic
 b - a potion of curing {unknown}
 f - 2 potions of heal wounds {unknown}
 g - 4 potions of haste {unknown}
 h - a potion of lignification {unknown}


   Skills:
 * Level 1.8 Fighting
 + Level 2.0 Dodging
 - Level 1.7 Stealth
 * Level 3.0 Spellcasting
 + Level 5.0 Conjurations
 * Level 0.5 Hexes
 * Level 0.4 Translocations


You had 5 spell levels left.
You knew the following spells:

 Your Spells              Type           Power      Damage    Failure   Level
a - Magic Dart            Conj           84%        1d7       1%          1
b - Searing Ray           Conj           42%        2d6       3%          2
c - Shock                 Conj/Air       44%        1d5       6%          1

Your spell library contained the following spells:

 Spells                   Type           Power      Damage    Failure   Level
 Dazzling Flash           Conj/Hex       24%        N/A       16%         3
 Swiftness                Air            2%         N/A       43%         3
 Fulminant Prism          Conj/Hex       6%         3d7       45%         4
 Iskenderun's Mystic Bla  Conj/Tloc      12%        2d5       45%         4
 Airstrike                Air            1%         0-2+      85%         4
 Alistair's Intoxication  Tmut/Pois      1%         N/A       99%         5
 Borgnjor's Vile Clutch   Necr/Erth      1%         N/A       99%         5
 Eringya's Noxious Bog    Tmut/Pois      1%         N/A       100%        6


Dungeon Overview and Level Annotations

Branches:
Dungeon (3/15)              Sewer (1/1)

Altars:
Makhleb


Innate Abilities, Weirdness & Mutations

Your plain brown scales are hard. (AC +5)
You cannot fit into any form of body armour.
You are cold-blooded and may be slowed by cold attacks.


Message History

The kobold brigand is moderately wounded. (Press . to maintain the ray.)
The kobold brigand hits you with a +0 dagger.
Casting: Searing Ray (safe; 3% risk of failure)
Confirm with . or Enter, or press ? or * to list all spells.
Okay, then.
Unknown command.
The searing ray misses the kobold brigand.
The kobold brigand splashes around in the water.
The searing ray hits the kobold brigand.
The kobold brigand is heavily wounded.
The kobold brigand hits you with a +0 dagger.
The searing ray hits the kobold brigand.
The kobold brigand is heavily wounded.
You finish channelling your searing ray.
The kobold brigand splashes around in the water.
Casting: Searing Ray (safe; 3% risk of failure)
Confirm with . or Enter, or press ? or * to list all spells.
Aiming: Searing Ray (safe; 3% risk of failure)
Press: ? - help, Shift-Dir - straight line, f/p - kobold brigand
Aim: a kobold brigand, wielding a +0 dagger and quivering poisoned darts (heavily wounded, 74% to hit)
You feel a surge of power!
The searing ray hits the kobold brigand!
The kobold brigand is severely wounded. (Press . to maintain the ray.)
The kobold brigand hits you with a +0 dagger.
* * * LOW HITPOINT WARNING * * *
The searing ray misses the kobold brigand.
The kobold brigand hits you with a +0 dagger.
* * * LOW HITPOINT WARNING * * *
You feel a bond with your +1 spectral quarterstaff.
k - a +1 spectral quarterstaff (weapon)
The kobold brigand hits you but does no damage.
You hit the kobold brigand.
The kobold brigand is almost dead.
The kobold brigand hits you with a +0 dagger.
* * * LOW HITPOINT WARNING * * *
Your unstable footing causes you to fumble your attack.
The kobold brigand hits you with a +0 dagger.
You die...

#≈# #≈# ##≈## ##≈##
##.≈.## ##.≈.##
.#####..≈..####.....#
≈≈≈≈≈≈≈..≈.≈≈≈≈....≈#
#####.....####....≈#
##...## ##≈..## ##≈##
##### #@# #K# ##≈##
##.≈≈##
...#####..≈≈.#####≈!≈
.≈.≈≈≈≈≈.≈...K...K!≈.
.≈.#####..≈.≈#####...
##...## #####


You could see a kobold brigand.

Vanquished Creatures
  A kobold brigand (Sewer)
  An adder (Sewer)
  A river rat (Sewer)
  2 worms (D:2)
  A dart slug (D:1)
  2 ball pythons (Sewer)
  An endoplasm (D:1)
  A giant cockroach (D:1)
  3 goblins
  A hobgoblin (D:2)
  4 quokkas
  2 bats (D:2)
  8 frilled lizards
  9 kobolds
  9 rats
46 creatures vanquished.

Notes
Turn   | Place    | Note
-------+----------+-------------------------------------------
     0 | D:1      | jimonade the Draconian Conjurer began the quest for the
                  | Orb.
     0 | D:1      | Reached XP level 1. HP: 14/14 MP: 3/3
     7 | D:1      | Found a faded altar of an unknown god.
   334 | D:1      | Reached XP level 2. HP: 22/22 MP: 3/5
  1166 | D:2      | Found a burning altar of Makhleb.
  1183 | D:2      | Reached skill level 1 in Fighting
  1183 | D:2      | Reached XP level 3. HP: 28/28 MP: 0/6
  1651 | D:3      | Found a glowing drain.
  1660 | Sewer    | Entered a sewer
  1668 | Sewer    | Learned a level 2 spell: Searing Ray
  1670 | Sewer    | Learned a level 1 spell: Shock
  1716 | Sewer    | Noticed a kobold brigand
  1732 | Sewer    | Killed a kobold brigand
  1733 | Sewer    | Reached skill level 5 in Conjurations
  1733 | Sewer    | Reached XP level 4. HP: 11/36 MP: 1/8
  2124 | Sewer    | Noticed a kobold brigand
  2144 | Sewer    | Slain by a kobold brigand

Illustrated notes

Levels and vault maps discovered:
D:1:      elethiomel_arrival_shortcut, layout_rooms, serial_forest,
          infiniplex_forest_straight_2, infiniplex_forest_zigzag_2,
          infiniplex_forest_clump_diagonal, infiniplex_forest_straight_2,
          infiniplex_forest_lined_room_, infiniplex_forest_zigzag_1,
          infiniplex_forest_straight_1, infiniplex_forest_end_double,
          dreamdust_ecumenical_altar_statues, minmay_misc_feat_pillars,
          columned_hall_lemuel, minmay_misc_feat_plants
D:2:      layout_rooms, basic_altar, minmay_lizard_king
D:3:      layout_basic, cheibrodos_sewer_entry_drain, uniq_jessica, uniq_robin,
          uniq_sigmund
Sewer:    sewer_co_15_rooms

Skill      XL: |  1  2  3  4 |
---------------+-------------+-----
Fighting       | 1 |  1.8
Dodging        | 2 |  2.0
Conjurations   | 5 |  5.0
Spellcasting   | 3 |  3.0
Stealth        | |  1.7
Hexes          | |  0.5
Translocations | |  0.4

Action                   |  1- 3 |  4- 6 || total
-------------------------+-------+-------++-------
Melee: Short sword       |     1 |       ||     1
       Quarterstaff      |     5 |     2 ||     7
       Tailslap          |     2 |       ||     2
 Cast: Magic Dart        |    72 |    13 ||    85
       Searing Ray       |     1 |     2 ||     3
Armor: Skin              |     3 |     1 ||     4
Dodge: Dodged            |    11 |       ||    11

Table legend: (Time is in decaauts)
 A = Elapsed time spent in this place.
 B = Non-inter-level travel time spent in this place.
 C = Inter-level travel time spent in this place.
 D = Time resting spent in this place.
 E = Time spent auto-exploring this place.
 F = Levels seen in this place.
 G = Mean time per level.
                   A        B        C        D        E       F      G
               +--------+--------+--------+--------+--------+-----+--------+
         Total |   2178 |   2093 |     85 |    205 |   1449 |   4 |  544.5 |
       Dungeon |   1660 |   1575 |     85 |      0 |   1260 |   3 |  553.3 |
         Sewer |    518 |    518 |      0 |    205 |    189 |   1 |  518.0 |
               +--------+--------+--------+--------+--------+-----+--------+

Top non-repeatable levels by time:
     D:1: 988 daAuts
     D:2: 658 daAuts
   Sewer: 518 daAuts
     D:3: 13 daAuts
